AoeStats
← Dafixios

Lombardia

509778380Analyzed
2v2 RM · 5d ago on Sep 28, 2026· 36m 12s· 4 players
Game mode
Random Map
Map size
Medium (4 player)
Population
200
Speed
Normal
Resources
Standard
Victory
Conquest
Starting age
Dark Age
Ending age
Imperial Age
RankedLock teamsTeams togetherTeam positionsShared explorationLock speedFull tech treeHidden civsTurbo modeCheats
Victory
Defeat
🇲🇽 Franks · Mexico
1151
+14
🇲🇽 Chinese · Mexico
1120
+14
🇺🇸 Burmese · United States
1099
-14
🇺🇸 Sicilians · United States
1098
-14
AstroBoy1741
10:31 Feudal Age
14:45 Castle Age
14:43 Scale Barding Armor
15:21 Loom
18:22 Forging
20:53 Gold Mining
24:16 Gold Shaft Mining
25:44 Bloodlines
28:55 Fervor
35:20 Chain Barding Armor
EasyStreet
9:25 Feudal Age
10:13 Loom
10:58 Double-Bit Axe
14:59 Horse Collar
16:03 Wheelbarrow
19:55 Castle Age
19:31 Gold Mining
20:56 Bow Saw
23:32 Heavy Plow
26:00 Fletching
26:18 Scale Barding Armor
26:15 Scale Mail Armor
26:25 Forging
27:23 Scale Barding Armor
27:24 Husbandry
28:48 Bloodlines
29:35 Chain Barding Armor
32:30 Iron Casting
Dafixios
6:55 Loom
9:20 Feudal Age
14:11 Double-Bit Axe
16:55 Scale Barding Armor
19:57 Castle Age
18:12 Forging
21:53 Wheelbarrow
21:24 Husbandry
22:21 Bow Saw
22:03 Gold Mining
25:01 Iron Casting
24:28 Town Watch
26:55 Chain Barding Armor
27:10 Devotion
29:09 Hand Cart
Alexr_93
0:30 Loom
10:23 Feudal Age
21:29 Castle Age
19:37 Padded Archer Armor
19:53 Fletching
22:26 Bodkin Arrow
22:00 Pikeman
22:02 Crossbowman
23:38 Leather Archer Armor
23:35 Double-Bit Axe
23:33 Horse Collar
24:44 Scale Mail Armor
25:46 Ballistics
30:53 Thumb Ring
32:00 Bow Saw
31:53 Heavy Plow
32:53 Wheelbarrow
32:03 Town Watch
33:43 Chain Mail Armor
33:38 Forging
35:44 Hand Cart
35:30 Town Patrol
35:24 Gold Mining
35:26 Stone Mining
Connection lost

Rejoining the realm…

Still unreachable

The connection could not be restored.

Session expired

The server has moved on; the page needs a fresh start.